 Dungeon Crawl Stone Soup version 0.20-a0-509-ga2a529b (webtiles) character file.

60 Kaname the Charmwright (level 3, -3/27 HPs)
             Began as a Demonspawn Skald on Jan 22, 2017.
             Slain by Sigmund
             ... wielding a +0 scythe
              (10 damage)
             ... on level 2 of the Dungeon.
             The game lasted 00:02:39 (1341 turns).

Kaname the Charmwright (Demonspawn Skald)           Turns: 1341, Time: 00:02:40

Health: -3/27      AC:  4    Str: 11    XL:     3   Next: 82%
Magic:  6/6        EV: 11    Int: 15    God:
Gold:   44         SH:  0    Dex: 12    Spells: 1/6 levels left

rFire    . . .     SeeInvis .   l - +0 glaive (venom)
rCold    . . .     Gourm    .   b - +0 leather armour
rNeg     . . .     Faith    .   (shield currently unavailable)
rPois    .         Spirit   .   (no helmet)
rElec    .         Reflect  .   (no cloak)
rCorr    .         Harm     .   g - +0 pair of gloves
MR       .....                  (no boots)
Stlth    +.........             (no amulet)
Regen    0.1/turn               (no ring)
                                (no ring)

@: no status effects
A: talons 1
a: no special abilities


You were on level 2 of the Dungeon.
You were not hungry.

You visited 1 branch of the dungeon, and saw 2 of its levels.

You collected 44 gold pieces.

Inventory:

Hand Weapons
 a - a +0 short sword
 l - a +0 glaive of venom (weapon)
Missiles
 e - 3 javelins (quivered)
Armour
 b - a +0 leather armour (worn)
 g - a +0 pair of gloves (worn)
Scrolls
 h - a scroll of remove curse
 i - 3 scrolls of enchant weapon {unknown}
 m - 2 scrolls of identify {unknown}
 o - a scroll of random uselessness {unknown}
 p - a scroll of fear
 q - a scroll of blinking {unknown}
 s - a scroll of amnesia {unknown}
Potions
 k - 2 potions of flight {unknown}
 n - a potion of haste {unknown}
 r - a potion of curing {unknown}
Books
 c - a book of Battle

   Spells                             Type                      Level
   a - Infusion                       Charms                       1
   b - Shroud of Golubria             Charms/Translocation         2
   c - Song of Slaying                Charms                       2
   d - Spectral Weapon                Hexes/Charms                 3
   e - Regeneration                   Charms/Necromancy            3
Comestibles
 d - 4 bread rations
 f - a meat ration
 j - a royal jelly


   Skills:
 - Level 2.0 Fighting
 - Level 2.0 Short Blades
 - Level 0.8 Armour
 - Level 1.7 Dodging
 + Level 0.8 Stealth
 - Level 2.0 Spellcasting
 - Level 4.1 Charms


You had one spell level left.
You knew the following spells:

 Your Spells              Type           Power        Failure   Level  Hunger
a - Infusion              Chrm           ##..         6%          1    #......
b - Song of Slaying       Chrm           ##......     10%         2    ###....
c - Shroud of Golubria    Chrm/Tloc      #.........   21%         2    ###....


Dungeon Overview and Level Annotations

Branches:
Dungeon (2/15)

Altars:

Annotations:
D:2 Sigmund


Innate Abilities, Weirdness & Mutations

You have sharp toenails.


Message History

Attack whom?
Press: ? - help, Dir - move target cursor You reach to attack!
You closely miss something. Something hits you!
Attack whom?
Press: ? - help, Dir - move target cursor You reach to attack!
You barely miss something.
You are no longer magically infusing your attacks.
Something hits you but does no damage. Something hits you.
Attack whom?
Press: ? - help, Dir - move target cursor You reach to attack!
You barely miss something. Something hits you.
* * * LOW HITPOINT WARNING * * *
Attack whom?
Press: ? - help, Dir - move target cursor You reach to attack!
You miss something. Something hits you.
* * * LOW HITPOINT WARNING * * *
Attack whom?
Press: ? - help, Dir - move target cursor You reach to attack!
You miss something. Something hits you!
You die...

#>.................
#..................
#######...##########
###..........#
#.........†# #
#..........# #
#..........# #
#######..........# #
#.{.@............####
#.######.............
#. ##....####.... ..
#............. @.h
#.....####.... ....
#....## #.... .h..h
#.#### #.... #.....
#. ##### ..


There were no monsters in sight!

Vanquished Creatures
  Jessica (D:2)
  An adder (D:2)
  A leopard gecko (D:2)
  6 bats
  3 giant cockroaches
  3 goblins
  3 kobolds
  A quokka (D:2)
  3 ball pythons (D:1)
  A frilled lizard (D:1)
  A rat (D:1)
24 creatures vanquished.

Notes
Turn   | Place    | Note
-------+----------+-------------------------------------------
     0 | D:1      | Kaname the Demonspawn Skald began the quest for the Orb.
     0 | D:1      | Reached XP level 1. HP: 16/16 MP: 3/3
   311 | D:1      | Reached skill level 3 in Charms
   415 | D:1      | Gained mutation: You have sharp toenails. [demonic ancestry]
   415 | D:1      | Reached XP level 2. HP: 22/22 MP: 5/5
   419 | D:1      | Learned a level 2 spell: Song of Slaying
   422 | D:1      | Learned a level 2 spell: Shroud of Golubria
   843 | D:2      | Noticed Jessica
   855 | D:2      | Killed Jessica
   855 | D:2      | Reached XP level 3. HP: 25/27 MP: 6/6
  1042 | D:2      | Reached skill level 4 in Charms
  1327 | D:2      | Noticed Sigmund
  1341 | D:2      | Slain by Sigmund

Vault maps used:
D:1:      tarquinn_simple_flora_water_c, hex_medium
D:2:      lemuel_coloured_pillars_altar, uniq_jessica, uniq_sigmund,
          uniq_natasha

Skill      XL: |  1  2  3 |
---------------+----------+-----
Short Blades   | 2 |  2.0
Charms         | 3 4 |  4.1
Fighting       | |  2.0
Armour         | |  0.8
Dodging        | |  1.7
Stealth        | |  0.8
Spellcasting   | |  2.0

Action                   || total
-------------------------++-------
Melee: Short sword       ||    74
       Kick              ||    12
       Glaive            ||     9
 Cast: Infusion          ||     1
  Use: Scroll            ||     2
  Eat: Chunk             ||     1
Armor: Leather armour    ||    19
Dodge: Dodged            ||    39
